3259 views
Uploaded 2020-04-19 15:34:02
Game version 1.32.3
25:21 long 2on2 ladder game on (4)Avalanche_LV
Saved by zebroni
3259 views
Uploaded 2020-04-19 15:34:02
Game version 1.32.3
25:21 long 2on2 ladder game on (4)Avalanche_LV
79 units @ 14.2k
/ 2.5k
33 buildings @ 5.2k
/ 2.6k


| Rod of Necromancy | 1 | 150 |
| Potion of Mana | 1 | 200 |
| Scroll of Healing | 1 | 250 |
| Scroll of Town Portal | 2 | 700 |
| total: | 5 | 1300g |
| Acolyte | 16 | 1200 | / | 0 |
| Ghoul | 10 | 1200 | / | 0 |
| Crypt Fiend | 9 | 1935 | / | 360 |
| Frost Wyrm | 8 | 3080 | / | 960 |
| total: | 43 | 7415g | / | 1320w |
| Nerubian Tower | 1 | 100 | / | 20 |
| Altar of Darkness | 1 | 180 | / | 50 |
| Ziggurat | 8 | 1200 | / | 400 |
| Crypt | 1 | 200 | / | 50 |
| Tomb of Relics | 1 | 130 | / | 30 |
| Graveyard | 1 | 215 | / | 0 |
| Sacrificial Pit | 1 | 75 | / | 150 |
| Boneyard | 4 | 700 | / | 800 |
| Halls of the Dead | 1 | 320 | / | 210 |
| Black Citadel | 1 | 325 | / | 230 |
| total: | 17 | 2700g | / | 1480w |
| 0:05 | Acolyte |
| 0:05 | Acolyte |
| 0:14 | Altar of Darkness |
| 0:16 | Ziggurat |
| 0:32 | Crypt |
| 1:02 | Tomb of Relics |
| 1:24 | Ziggurat |
| 1:35 | Ghoul |
| 1:38 | Ghoul |
| 1:50 | Ghoul |
| 2:15 | Death Coil |
| 2:20 | Ghoul |
| 2:20 | Ghoul |
| 2:31 | Ziggurat |
| 2:45 | Nerubian Tower |
| 3:02 | Rod of Necromancy |
| 3:37 | Halls of the Dead |
| 3:55 | Ghoul |
| 4:01 | Ghoul |
| 4:56 | Graveyard |
| 5:33 | Ghoul |
| 5:33 | Ghoul |
| 5:54 | Ghoul |
| 5:57 | Ziggurat |
| 6:08 | Frost Arrows |
| 6:39 | Black Citadel |
| 6:42 | Sacrificial Pit |
| 7:15 | Ziggurat |
| 7:57 | Crypt Fiend |
| 8:09 | Forked Lightning |
| 8:35 | Crypt Fiend |
| 8:40 | Ziggurat |
| 8:42 | Crypt Fiend |
| 8:53 | Unholy Aura |
| 9:06 | Boneyard |
| 9:21 | Crypt Fiend |
| 9:30 | Acolyte |
| 9:40 | Crypt Fiend |
| 10:10 | Crypt Fiend |
| 10:43 | Boneyard |
| 10:49 | Boneyard |
| 10:53 | Crypt Fiend |
| 11:02 | Acolyte |
| 11:02 | Acolyte |
| 11:02 | Acolyte |
| 11:02 | Acolyte |
| 11:07 | Backpack |
| 11:59 | Frost Wyrm |
| 13:11 | Frost Wyrm |
| 13:39 | Death Coil |
| 13:41 | Potion of Mana |
| 13:42 | Scroll of Healing |
| 14:43 | Acolyte |
| 14:43 | Acolyte |
| 14:43 | Acolyte |
| 14:54 | Frost Wyrm |
| 15:19 | Crypt Fiend |
| 15:45 | Scroll of Town Portal |
| 16:12 | Frost Wyrm |
| 16:20 | Unholy Aura |
| 16:34 | Ziggurat |
| 16:38 | Creature Carapace |
| 17:11 | Boneyard |
| 17:17 | Crypt Fiend |
| 17:22 | Ziggurat |
| 18:41 | Frost Arrows |
| 18:48 | Frost Wyrm |
| 19:13 | Frost Wyrm |
| 19:43 | Frost Wyrm |
| 19:52 | Acolyte |
| 19:55 | Acolyte |
| 20:06 | Acolyte |
| 22:10 | Frost Wyrm |
| 22:24 | Forked Lightning |
| 22:28 | Death Coil |
| 22:36 | Scroll of Town Portal |
| 22:58 | Acolyte |
| 22:58 | Acolyte |
| 23:16 | Acolyte |
| 23:31 | Improved Creature Carapace |
| 24:58 | Frost Arrows |
| 25:14 | Animate Dead |


| Rod of Necromancy | 2 | 300 |
| Potion of Healing | 2 | 300 |
| Orb of Corruption | 1 | 375 |
| Dust of Appearance | 1 | 75 |
| Scroll of Town Portal | 3 | 1050 |
| Scroll of Healing | 1 | 250 |
| Boots of Speed | 1 | 250 |
| total: | 11 | 2600g |
| Acolyte | 5 | 375 | / | 0 |
| Ghoul | 3 | 360 | / | 0 |
| Crypt Fiend | 20 | 4300 | / | 800 |
| Obsidian Statue | 5 | 1000 | / | 175 |
| Abomination | 3 | 720 | / | 210 |
| total: | 36 | 6755g | / | 1185w |
| Nerubian Tower | 1 | 100 | / | 20 |
| Spirit Tower | 1 | 145 | / | 40 |
| Crypt | 1 | 200 | / | 50 |
| Graveyard | 1 | 215 | / | 0 |
| Altar of Darkness | 2 | 360 | / | 100 |
| Ziggurat | 7 | 1050 | / | 350 |
| Tomb of Relics | 1 | 130 | / | 30 |
| Slaughterhouse | 2 | 280 | / | 270 |
| Sacrificial Pit | 1 | 75 | / | 150 |
| Temple of the Damned | 1 | 155 | / | 140 |
| Halls of the Dead | 1 | 320 | / | 210 |
| Black Citadel | 1 | 325 | / | 230 |
| total: | 16 | 2465g | / | 1090w |
| 0:01 | Acolyte |
| 0:07 | Crypt |
| 0:11 | Graveyard |
| 0:22 | Acolyte |
| 0:44 | Altar of Darkness |
| 0:46 | Altar of Darkness |
| 0:55 | Ziggurat |
| 1:11 | Tomb of Relics |
| 1:19 | Ghoul |
| 1:48 | Crypt Fiend |
| 2:04 | Ziggurat |
| 2:08 | Nerubian Tower |
| 2:27 | Crypt Fiend |
| 2:47 | Rod of Necromancy |
| 2:49 | Dust of Appearance |
| 2:56 | Death Coil |
| 3:13 | Crypt Fiend |
| 3:29 | Crypt Fiend |
| 4:03 | Halls of the Dead |
| 4:38 | Ghoul |
| 5:35 | Ziggurat |
| 5:55 | Ziggurat |
| 5:57 | Creature Attack |
| 6:16 | Unholy Aura |
| 6:32 | Slaughterhouse |
| 6:42 | Ghoul |
| 7:02 | Boots of Speed |
| 7:05 | Crypt Fiend |
| 7:22 | Black Citadel |
| 7:32 | Rod of Necromancy |
| 7:32 | Potion of Healing |
| 7:34 | Frost Nova |
| 8:00 | Crypt Fiend |
| 8:21 | Crypt Fiend |
| 8:42 | Obsidian Statue |
| 9:33 | Crypt Fiend |
| 9:39 | Crypt Fiend |
| 9:43 | Orb of Corruption |
| 9:58 | Crypt Fiend |
| 10:17 | Slaughterhouse |
| 10:28 | Destroyer Form |
| 10:50 | Crypt Fiend |
| 11:01 | Obsidian Statue |
| 11:08 | Spirit Tower |
| 11:20 | Crypt Fiend |
| 11:52 | Crypt Fiend |
| 12:12 | Scroll of Town Portal |
| 12:28 | Obsidian Statue |
| 13:16 | Sacrificial Pit |
| 13:18 | Ziggurat |
| 13:29 | Death Pact |
| 13:51 | Potion of Healing |
| 14:02 | Frost Armor |
| 14:10 | Scroll of Healing |
| 14:29 | Crypt Fiend |
| 14:35 | Frost Nova |
| 14:39 | Abomination |
| 14:41 | Acolyte |
| 15:20 | Scroll of Town Portal |
| 15:43 | Crypt Fiend |
| 15:59 | Acolyte |
| 16:06 | Burrow |
| 16:47 | Improved Creature Attack |
| 17:12 | Ziggurat |
| 18:34 | Death Coil |
| 18:52 | Crypt Fiend |
| 18:53 | Abomination |
| 18:56 | Advanced Creature Attack |
| 19:20 | Obsidian Statue |
| 19:40 | Crypt Fiend |
| 21:02 | Crypt Fiend |
| 21:09 | Obsidian Statue |
| 22:11 | Frost Armor |
| 22:14 | Abomination |
| 22:15 | Ziggurat |
| 22:19 | Temple of the Damned |
| 22:36 | Acolyte |
| 23:19 | Scroll of Town Portal |
| 24:00 | Death Coil |
| 24:09 | Crypt Fiend |
| 24:46 | Frost Nova |
| 24:46 | Crypt Fiend |
70 units @ 11.9k
/ 2.5k
29 buildings @ 4.8k
/ 1.8k



| Rod of Necromancy | 1 | 150 |
| Ritual Dagger | 1 | 125 |
| Potion of Healing | 1 | 150 |
| Orb of Corruption | 1 | 375 |
| Potion of Mana | 1 | 200 |
| Scroll of Healing | 2 | 500 |
| Scroll of Town Portal | 2 | 700 |
| Dust of Appearance | 1 | 75 |
| Potion of Lesser Invulnerability | 1 | 150 |
| Scroll of Protection | 1 | 150 |
| total: | 12 | 2575g |
| Acolyte | 2 | 150 | / | 0 |
| Ghoul | 2 | 240 | / | 0 |
| Crypt Fiend | 15 | 3225 | / | 600 |
| Obsidian Statue | 6 | 1200 | / | 210 |
| Abomination | 4 | 960 | / | 280 |
| total: | 29 | 5775g | / | 1090w |
| Nerubian Tower | 1 | 100 | / | 20 |
| Altar of Darkness | 1 | 180 | / | 50 |
| Ziggurat | 8 | 1200 | / | 400 |
| Crypt | 1 | 200 | / | 50 |
| Graveyard | 1 | 215 | / | 0 |
| Tomb of Relics | 1 | 130 | / | 30 |
| Slaughterhouse | 2 | 280 | / | 270 |
| Halls of the Dead | 1 | 320 | / | 210 |
| Black Citadel | 1 | 325 | / | 230 |
| total: | 14 | 2205g | / | 800w |
| 0:02 | Acolyte |
| 0:02 | Acolyte |
| 0:07 | Altar of Darkness |
| 0:12 | Ziggurat |
| 0:29 | Crypt |
| 0:53 | Graveyard |
| 1:16 | Tomb of Relics |
| 1:30 | Ghoul |
| 1:30 | Ghoul |
| 2:10 | Ziggurat |
| 2:17 | Death Coil |
| 2:19 | Rod of Necromancy |
| 2:42 | Crypt Fiend |
| 2:44 | Nerubian Tower |
| 3:15 | Cannibalize |
| 3:19 | Halls of the Dead |
| 3:34 | Crypt Fiend |
| 3:52 | Crypt Fiend |
| 4:38 | Crypt Fiend |
| 5:11 | Creature Attack |
| 5:49 | Burrow |
| 6:00 | Slaughterhouse |
| 6:02 | Ziggurat |
| 6:16 | Slaughterhouse |
| 6:17 | Ziggurat |
| 6:37 | Black Citadel |
| 6:58 | Improved Creature Attack |
| 7:41 | Unholy Aura |
| 7:56 | Crypt Fiend |
| 7:57 | Obsidian Statue |
| 7:57 | Crypt Fiend |
| 8:26 | Ritual Dagger |
| 8:31 | Frost Nova |
| 8:57 | Potion of Healing |
| 9:14 | Ziggurat |
| 9:36 | Advanced Creature Attack |
| 10:27 | Obsidian Statue |
| 10:27 | Abomination |
| 11:49 | Creature Carapace |
| 12:43 | Frost Armor |
| 13:08 | Death Coil |
| 13:34 | Crypt Fiend |
| 13:35 | Abomination |
| 13:35 | Obsidian Statue |
| 13:55 | Ziggurat |
| 13:57 | Unholy Armor |
| 14:01 | Web |
| 14:26 | Orb of Corruption |
| 14:26 | Scroll of Healing |
| 14:55 | Black Arrow |
| 15:05 | Crypt Fiend |
| 15:05 | Crypt Fiend |
| 16:04 | Destroyer Form |
| 16:04 | Obsidian Statue |
| 16:20 | Scroll of Town Portal |
| 17:15 | Crypt Fiend |
| 17:24 | Potion of Lesser Invulnerability |
| 17:30 | Scroll of Healing |
| 17:33 | Scroll of Protection |
| 17:50 | Dust of Appearance |
| 19:03 | Unholy Aura |
| 19:18 | Silence |
| 19:24 | Crypt Fiend |
| 19:28 | Ziggurat |
| 19:29 | Ziggurat |
| 19:34 | Improved Unholy Armor |
| 20:34 | Crypt Fiend |
| 20:35 | Abomination |
| 22:09 | Crypt Fiend |
| 22:09 | Abomination |
| 22:33 | Obsidian Statue |
| 22:34 | Crypt Fiend |
| 22:52 | Potion of Mana |
| 23:02 | Obsidian Statue |
| 23:03 | Crypt Fiend |
| 23:23 | Scroll of Town Portal |


| Lesser Clarity Potion | 2 | 140 |
| Staff of Preservation | 1 | 150 |
| Scroll of Town Portal | 1 | 350 |
| total: | 4 | 640g |
| Wisp | 20 | 1200 | / | 0 |
| Huntress | 5 | 975 | / | 100 |
| Dryad | 8 | 1160 | / | 480 |
| Mountain Giant | 8 | 2800 | / | 800 |
| total: | 41 | 6135g | / | 1380w |
| Altar of Elders | 1 | 180 | / | 50 |
| Moon Well | 7 | 1260 | / | 280 |
| Ancient of War | 1 | 150 | / | 60 |
| Hunter's Hall | 1 | 210 | / | 100 |
| Ancient of Wonders | 2 | 180 | / | 60 |
| Tree of Life | 1 | 340 | / | 185 |
| Ancient of Lore | 2 | 310 | / | 290 |
| Tree of Ages | 1 | 320 | / | 180 |
| Tree of Eternity | 1 | 330 | / | 200 |
| total: | 15 | 2630g | / | 1025w |
| 0:07 | Wisp |
| 0:08 | Wisp |
| 0:16 | Altar of Elders |
| 0:23 | Moon Well |
| 0:34 | Wisp |
| 0:34 | Wisp |
| 0:56 | Wisp |
| 0:56 | Wisp |
| 0:56 | Wisp |
| 1:26 | Wisp |
| 1:41 | Wisp |
| 1:41 | Wisp |
| 2:14 | Ancient of War |
| 2:16 | Hunter's Hall |
| 2:19 | Moon Well |
| 2:20 | Wisp |
| 2:21 | Wisp |
| 2:28 | Entangling Roots |
| 2:58 | Tree of Ages |
| 3:19 | Huntress |
| 3:27 | Ultravision |
| 3:42 | Huntress |
| 4:02 | Huntress |
| 4:24 | Huntress |
| 4:46 | Moon Well |
| 4:57 | Huntress |
| 5:50 | Ancient of Wonders |
| 6:08 | Ancient of Lore |
| 6:09 | Ancient of Lore |
| 6:21 | Wisp |
| 6:21 | Wisp |
| 6:43 | Moon Well |
| 7:03 | Wisp |
| 7:09 | Lesser Clarity Potion |
| 7:09 | Staff of Preservation |
| 7:28 | Trueshot Aura |
| 7:54 | Dryad |
| 8:05 | Force of Nature |
| 8:11 | Dryad |
| 8:34 | Moon Well |
| 9:02 | Abolish Magic |
| 9:18 | Tree of Eternity |
| 9:21 | Moon Well |
| 9:51 | Scout |
| 10:00 | Strength of the Wild |
| 10:01 | Dryad |
| 10:03 | Moon Well |
| 10:36 | Mountain Giant |
| 12:43 | Ancient of Wonders |
| 13:42 | Force of Nature |
| 14:39 | Hardened Skin |
| 14:39 | Resistant Skin |
| 14:43 | Improved Strength of the Wild |
| 14:49 | Trueshot Aura |
| 15:03 | Lesser Clarity Potion |
| 15:04 | Scroll of Town Portal |
| 15:26 | Mountain Giant |
| 15:39 | Mountain Giant |
| 16:00 | Tree of Life |
| 16:48 | Mountain Giant |
| 18:24 | Dryad |
| 19:15 | Mountain Giant |
| 19:25 | Entangling Roots |
| 19:39 | Mountain Giant |
| 20:10 | Mountain Giant |
| 21:01 | Wisp |
| 21:01 | Wisp |
| 21:02 | Wisp |
| 21:02 | Wisp |
| 21:02 | Wisp |
| 21:40 | Scout |
| 21:48 | Mountain Giant |
| 22:38 | Dryad |
| 22:38 | Dryad |
| 23:57 | Dryad |
| 24:03 | Dryad |
⇛